 Dungeon Crawl Stone Soup version 0.27-a0-223-ge082b6e869 (webtiles) character file.

Game seed: 2207597232777353002

75 iamserjio the Ruffian (level 4, 0/41 HPs)
             Began as a Troll Hedge Wizard on Feb 1, 2021.
             Slain by Edmund
             ... wielding a +4 flail of venom
              (5 damage)
             ... on level 4 of the Dungeon.
             The game lasted 00:02:59 (455 turns).

iamserjio the Ruffian (Troll Hedge Wizard)           Turns: 455, Time: 00:03:00

Health: 0/41       AC:  6    Str: 18    XL:     4   Next: 11%
Magic:  0/6        EV: 10    Int: 11    God:
Gold:   66         SH:  0    Dex:  9    Spells: 6/7 levels left

rFire    . . .     SeeInvis .     - Unarmed
rCold    . . .     Faith    .   (no shield)
rNeg     . . .     Spirit   +   b - +0 robe
rPois    .         Reflect  .   c - +0 hat
rElec    .         Harm     .   (no cloak)
rCorr    .         Rampage  .   (gloves unavailable)
Will     .....                  (boots unavailable)
Stlth    +.........             k - amulet of guardian spirit
HPRegen  0.53/turn              (no ring)
MPRegen  0.10/turn              (no ring)

@: mighty, lethally poisoned (0 -> -26)
A: large, unfitting armour, claws 3, regeneration 1, shaggy fur 1, tough skin 3
a: no special abilities


You were on level 4 of the Dungeon.
You visited 1 branch of the dungeon, and saw 4 of its levels.

You collected 66 gold pieces.

Inventory:

Hand Weapons
 a - a +0 dagger
Missiles
 g - 12 arrows
 j - 10 poisoned darts
Armour
 b - a +0 robe (worn)
 c - a +0 hat (worn)
Jewellery
 k - an amulet of guardian spirit (around neck)
Scrolls
 d - a scroll of remove curse {unknown}
 e - 2 scrolls of magic mapping {unknown}
 f - a scroll of random uselessness {unknown}
 h - 4 scrolls of identify {unknown}
 i - a scroll of enchant armour {unknown}


   Skills:
 + Level 1.5 Fighting
 - Level 1.5 Dodging
 - Level 1.0 Stealth
 * Level 3.0 Unarmed Combat
 - Level 2.0 Spellcasting
 - Level 0.6 Conjurations
 - Level 0.6 Summonings
 - Level 0.6 Translocations


You had 6 spell levels left.
You knew the following spells:

 Your Spells              Type           Power        Failure   Level
a - Magic Dart            Conj           8%           22%         1

Your spell library contained the following spells:

 Spells                   Type           Power        Failure   Level
 Blink                    Tloc           N/A          34%         2
 Call Imp                 Summ           2%           34%         2
 Slow                     Hex            1%           41%         2
 Conjure Flame            Conj/Fire      1%           61%         3
 Mephitic Cloud           Conj/Pois/Air  1%           63%         3


Dungeon Overview and Level Annotations

Branches:
Dungeon (4/15)
 Temple: D:4-7

Altars:
Fedhas

Annotations:
D:4 Edmund


Innate Abilities, Weirdness & Mutations

You are too large for most types of armour.
You have claws for hands.
Your natural rate of healing is unusually fast.
You are covered in fur. (AC +1)
You have extremely tough skin. (AC +3)


Message History

Edmund hits you with a +4 flail of venom.
You are more poisoned.
You claw Edmund!
You feel sick. Edmund closely misses you.
You scratch Edmund.
You feel sick.
Edmund hits you with a +4 flail of venom.
You are more poisoned.
You claw Edmund!
You feel sick.
Edmund hits you with a +4 flail of venom!
You are lethally poisoned!
You scratch Edmund.
You feel very sick.
You claw Edmund!
You feel sick.
Edmund hits you with a +4 flail of venom.
* * * LOW HITPOINT WARNING * * *
You are more poisoned.
You scratch Edmund.
* * * LOW HITPOINT WARNING * * *
You feel very sick.
Edmund hits you with a +4 flail of venom!
You die...

### #.# #
#>#####.#
#.......#
#.#####.#
#.# ..
##########.#
##
........@@.#
....#####..#
. #<..#
###.######
#>.........
#.....#.###
#...###
#...# ....#


You could see Edmund.

Vanquished Creatures
  Terence (D:2)
  2 adders (D:2)
  A worm (D:2)
  A leopard gecko (D:2)
  3 orcs (D:3)
  A giant cockroach (D:3)
  5 hobgoblins
  3 jackals (D:1)
  A quokka (D:4)
  2 bats
  3 frilled lizards
  A kobold (D:1)
  A rat (D:2)
25 creatures vanquished.

Notes
Turn   | Place    | Note
-------+----------+-------------------------------------------
     0 | D:1      | iamserjio the Troll Hedge Wizard began the quest for the
                  | Orb.
     0 | D:1      | Reached XP level 1. HP: 16/16 MP: 2/2
   107 | D:1      | Reached skill level 1 in Unarmed Combat
   112 | D:1      | Reached XP level 2. HP: 26/26 MP: 4/4
   193 | D:2      | Found a blossoming altar of Fedhas.
   203 | D:2      | Reached skill level 1 in Fighting
   203 | D:2      | Reached skill level 2 in Unarmed Combat
   203 | D:2      | Reached XP level 3. HP: 27/33 MP: 5/5
   258 | D:2      | Noticed Terence
   270 | D:2      | Killed Terence
   373 | D:3      | Reached XP level 4. HP: 41/41 MP: 6/6
   385 | D:3      | Reached skill level 3 in Unarmed Combat
   429 | D:4      | Noticed Edmund
   455 | D:4      | Slain by Edmund

Illustrated notes

Levels and vault maps discovered:
D:1:      dpeg_arrival_morbid_curiosity, layout_basic, grunt_decor_junction,
          serial_bayou_lagoon_a
D:2:      layout_basic, lemuel_coloured_pillars_altar,
          hangedman_abyss_or_decor_stabs, uniq_terence
D:3:      layout_loops_corners, minmay_goblin_kobold_house
D:4:      layout_basic, minmay_temple_entry_drinking_statues, serial_shops,
          kennysheep_little_box, hex_intersection, uniq_edmund, uniq_natasha

Skill      XL: |  1  2  3  4 |
---------------+-------------+-----
Unarmed Combat | 1 2 3 |  3.0
Fighting       | 1 |  1.5
Dodging        | |  1.5
Stealth        | |  1.0
Spellcasting   | |  2.0
Conjurations   | |  0.6
Summonings     | |  0.6
Translocations | |  0.6

Action                   |  1- 3 |  4- 6 || total
-------------------------+-------+-------++-------
Melee: Unarmed           |    64 |    23 ||    87
  Use: Potion            |       |     2 ||     2
Armor: Robe              |    27 |     9 ||    36
Dodge: Dodged            |    32 |    14 ||    46

Table legend: (Time is in decaauts)
 A = Elapsed time spent in this place.
 B = Non-inter-level travel time spent in this place.
 C = Inter-level travel time spent in this place.
 D = Time resting spent in this place.
 E = Time spent auto-exploring this place.
 F = Levels seen in this place.
 G = Mean time per level.
                   A        B        C        D        E       F      G
               +--------+--------+--------+--------+--------+-----+--------+
         Total |    452 |    452 |      0 |      0 |      0 |   4 |  113.0 |
       Dungeon |    452 |    452 |      0 |      0 |      0 |   4 |  113.0 |
               +--------+--------+--------+--------+--------+-----+--------+

Top non-repeatable levels by time:
     D:1: 160 daAuts
     D:3: 128 daAuts
     D:2: 124 daAuts
     D:4: 39 daAuts
